 Dungeon Crawl Stone Soup version 0.30-a0-475-g03497ec522 (webtiles) character file.

Game seed: 9010750377561358869

161 Charly the Sneak (level 5, 7/28 HPs)
             Began as a Vine Stalker Brigand on Dec 20, 2022.
             Quit the game on level 7 of the Dungeon.
             The game lasted 00:07:24 (2417 turns).

Charly the Sneak (Vine Stalker Brigand)             Turns: 2417, Time: 00:07:24

Health: 7/28       AC:  7    Str: 15    XL:     5   Next: 42%
Magic:  0/6        EV:  9    Int: 11    God:
Gold:   132        SH:  0    Dex: 16    Spells: 4/4 levels left

rFire   . . .      SeeInvis .    a - +3 dagger
rCold   . . .      Faith    +    (no shield)
rNeg    . . .      Spirit   +    i - +0 scale mail
rPois   .          Reflect  .    (no helmet)
rElec   .          Harm     .    c - +0 cloak
rCorr   .          Rampage  .    (no gloves)
Will    .....                    (no boots)
Stlth   ++........               m - amulet of faith
HPRegen 1.04/turn                (no ring)
MPRegen 0.10/turn                (no ring)

@: hasted, very quick
A: fangs 2, regeneration 1, magic shield, antimagic bite, no potion heal 2
a: no special abilities


You were on level 7 of the Dungeon.
You visited 1 branch of the dungeon, and saw 5 of its levels.
You also visited: Bailey.

You collected 132 gold pieces.

Inventory:

Hand Weapons
 a - a +3 dagger (weapon)
Missiles
 d - 2 poisoned darts
 e - 2 curare-tipped darts (quivered)
Armour
 c - a +0 cloak (worn)
 i - a +0 scale mail (worn)
Jewellery
 m - an amulet of faith (around neck)
Scrolls
 b - a scroll of magic mapping
 j - 3 scrolls of enchant weapon
Potions
 f - 2 potions of mutation
 g - 2 potions of curing
 h - 2 potions of flight
 k - a potion of haste
 l - a potion of berserk rage {unknown}
 n - a potion of degeneration {unknown}


   Skills:
 + Level 3.1 Fighting
 + Level 3.1 Short Blades
 - Level 1.7 Throwing
 - Level 0.7 Dodging
 + Level 6.2 Stealth


You had 4 spell levels left.
You didn't know any spells.
Your spell library contained the following spells:

 Spells                   Type           Power      Damage    Failure   Level
 Magic Dart               Conj           0%         1d3       83%         1
 Call Imp                 Summ           0%         N/A       92%         2
 Mephitic Cloud           Conj/Pois/Air  0%         N/A       99%         3
 Summon Guardian Golem    Hex/Summ       0%         N/A       99%         3
 Orb of Destruction       Conj           0%         9d5       100%        7
 Spellforged Servitor     Conj/Summ      0%         N/A       100%        7


Dungeon Overview and Level Annotations

Branches:
Dungeon (7/15)             Bailey (visited)
 Temple: D:4-7

Altars:


Innate Abilities, Weirdness & Mutations

You have extremely sharp teeth.
Your natural rate of healing is unusually fast.
When hurt, damage is shared between your health and your magic reserves.
Your bite disrupts and absorbs the magic of your enemies.
Potions cannot restore your health.


Message History

The gnolls pick up the pace!
You hear a shout!
Things that are here:
a +0 hand axe; a goblin corpse
There is a flagged portal here.
The world spins around you as you enter the gateway.
You enter a bailey!
Found a gate leading back out of this place.
There is an empty arch of ancient stone here.
You open the door.
A human, a gnoll and an orc warrior come into view.
The orc warrior shouts!
The gnoll shouts!
The human shouts!
You hear a shout!
Okay, then.
Okay, then.
Okay, then.
There is a gate leading back out of this place here.
Welcome back to the Dungeon!
The gnoll hits you with a +0 whip.
There is an empty arch of ancient stone here.
You feel yourself speed up. The gnoll hits you with a +0 whip.
Throw: 3 darts (curare)
Press: ? - help, Q - select action, (/) - cycle Shift-Dir - straight line, f - lemure
Aim: a lemure (53% to hit)
You throw a curare-tipped dart. The curare-tipped dart hits the lemure.
The lemure is poisoned.
The lemure convulses.
The lemure seems to slow down.
The lemure is moderately wounded.
The gnoll hits you with a +0 whip. The gnoll closely misses you.
A gnoll comes into view. It is wielding a +0 whip.
The gnoll shouts!
You hear a shout!
The gnoll barely misses you. The gnoll attacks as you move away!
The gnoll hits you with a +0 whip.
The gnoll shouts!
The lemure hits you. The gnoll hits you with a +0 whip.
The gnoll hits you with a +0 whip. The lemure hits you!
* * * LOW HITPOINT WARNING * * *
The gnoll is no longer moving quickly.
Okay, then.
Okay, then.
Are you sure you want to abandon this character and quit the game? (Confirm with "yes".)

*,,,,,,,,,,,,,,,,,,,,,***,,,,,,*
***,,,*,,,*,,,,,,**,,,,*,,,,,***
**,,,,*,,***,,,,,,,,,,,,,,,,,*
**,,**,,** *,,,,,,,,,,,,,,,,**
**,**,,,****,**,*,.......****
*,,,,,,,,,,,<,,,,,,...#.#*
+,,,,**,**,*,,~~~~~~~.#.##****
*,,,******##.,~#####~....##,,***
*,,,** *#...~#@..#~5....#,,,,**
*,,,,** *....~#.g.#~?....#*,,,,*
*,,,,,****#...≈#g5(#~5.g..#..,,,*
,,,,,,,,,,....~##g##~....g.gg,,,,
,>,,,,,,**#...~≈~~g~g..#..##.,,,,
,,,,*,,***........)....#**#,,,,,,
,,,**,,,*,..##....)g.### *,,,,,,
,*,,,,,,,,............# *,,*,,,
,*,,,,,,,,...........#### *,,#,,*


You could see a lemure (very poisoned, slow), a gnoll bouda and 4 gnolls.

Vanquished Creatures
  Terence (D:2)
  6 adders
  A worm (D:3)
  2 dart slugs
  5 orcs (D:3)
  6 ball pythons
  7 endoplasms
  3 giant cockroaches
  8 goblins
  3 hobgoblins
  7 jackals (D:1)
  5 kobolds
  8 bats
  A frilled lizard (D:1)
  6 rats
69 creatures vanquished.

Notes
Turn   | Place    | Note
-------+----------+-------------------------------------------
     0 | D:1      | Charly the Vine Stalker Brigand began the quest for the
                  | Orb.
     0 | D:1      | Reached XP level 1. HP: 11/11 MP: 2/2
   140 | D:1      | Reached skill level 5 in Stealth
   141 | D:1      | Reached XP level 2. HP: 12/15 MP: 1/3
   375 | D:1      | Reached XP level 3. HP: 18/18 MP: 4/4
   752 | D:2      | Noticed Terence
   771 | D:2      | Killed Terence
   772 | D:2      | Gained mutation: Your natural rate of healing is unusually
                  | fast. [Vine Stalker growth]
   772 | D:2      | Reached XP level 4. HP: 23/23 MP: 5/5
   895 | D:2      | Found a faded altar of an unknown god.
  1428 | D:3      | Reached XP level 5. HP: 28/28 MP: 6/6
  1457 | D:3      | Reached skill level 6 in Stealth
  1712 | D:3      | Noticed an ice beast
  2366 | D:4      | You fall into a shaft and drop 3 floors!
  2373 | D:7      | Found a flagged portal.
  2389 | D:7      | Noticed a lemure
  2398 | Bailey   | Entered a bailey
  2401 | Bailey   | Noticed a human
  2401 | Bailey   | Noticed an orc warrior
  2417 | D:7      | Quit the game

Illustrated notes

Levels and vault maps discovered:
D:1:      minmay_arrival_widening_spiral_wide, layout_rooms, minivault_23
D:2:      layout_loops_ring, hellmonk_ecumenical_altar_heavens_door,
          minmay_tripent, uniq_terence
D:3:      layout_basic, saegor_snake_ambush
D:4:      minmay_chambers_of_threes, layout_gridville
D:7:      layout_cave_pools, tgw_trog, enter_bailey_3, serial_park_tiny_pond,
          kennysheep_small_square, uniq_crazy_yiuf_cottage, uniq_pikel,
          uniq_maggie

Skill      XL: |  1  2  3  4  5 |
---------------+----------------+-----
Fighting       | 2 3 |  3.1
Short Blades   | 2 3 |  3.1
Stealth        | 5 6 |  6.2
Throwing       | |  1.7
Dodging        | |  0.7

Action                   |  1- 3 |  4- 6 || total
-------------------------+-------+-------++-------
Melee: Dagger            |    46 |    79 ||   125
       Bite              |    12 |    11 ||    23
       Punch             |       |     2 ||     2
Throw: Dart              |    24 |    12 ||    36
  Use: Scroll            |     2 |     6 ||     8
       Potion            |       |     1 ||     1
 Stab: Sleeping          |     6 |     6 ||    12
Armor: Robe              |     6 |       ||     6
       Scale mail        |       |    18 ||    18
Dodge: Dodged            |    20 |    34 ||    54

Table legend: (Time is in decaauts)
 A = Elapsed time spent in this place.
 B = Non-inter-level travel time spent in this place.
 C = Inter-level travel time spent in this place.
 D = Time resting spent in this place.
 E = Time spent auto-exploring this place.
 F = Levels seen in this place.
 G = Mean time per level.
                   A        B        C        D        E       F      G
               +--------+--------+--------+--------+--------+-----+--------+
         Total |   2415 |   2236 |    179 |      4 |   1591 |   6 |  402.5 |
       Dungeon |   2408 |   2229 |    179 |      4 |   1589 |   5 |  481.6 |
        Bailey |      6 |      6 |      0 |      0 |      2 |   1 |    6.0 |
               +--------+--------+--------+--------+--------+-----+--------+

Top non-repeatable levels by time:
     D:3: 900 daAuts
     D:2: 776 daAuts
     D:1: 608 daAuts
     D:4: 81 daAuts
     D:7: 41 daAuts
  Bailey: 6 daAuts
